[Event "16th EWICC 2015"]
[Site "Kutaisi"]
[Date "2015.06.02"]
[Round "5"]
[White "Ibrahimova, Sabina"]
[Black "Gevorgyan, Maria"]
[Result "0-1"]
[ECO "B42"]
[WhiteElo "2272"]
[BlackElo "2190"]
[Annotator "Robot 11"]
[PlyCount "110"]
[EventDate "2015.??.??"]
[EventCountry "GEO"]
[TimeControl "900+10"]

1. e4 c5 2. Nf3 e6 3. d4 cxd4 4. Nxd4 a6 5. Bd3 Nf6 6. O-O e5 7.
Bg5 h6 8. Bxf6 Qxf6 9. Nf5 g6 10. Ne3 Bc5 11. Nd5 Qd8 12. Kh1 d6 13. f4 Nc6 14. fxe5 Nxe5 15. Nf6+ Kf8 16. Nc3 h5 17. Ncd5 Ng4 18. Qf3 Be6 19. c3 Kg7 20. b4 Ba7 21. g3 Ne5 22. Qe2 Bg4 23. Qd2 h4 24.
Nxg4 Nxg4 25. Qf4 Ne5 26. Be2 g5 27. Qf5 hxg3 28. h3 Rh6 29.
Kg2 Bf2 30. c4 Ng6 31. Qg4 Nh4+ 32. Kh1 g2+ 33. Kh2 gxf1=Q 34. Rxf1 Bd4 35. Kh1 Rc8 36. c5 dxc5 37. Bc4 f6 38. bxc5 Rxc5 39. Bb3 Ng6 40. Rd1 Rh4 41. Qg2 Be5 42. Ne3 Qc8 43. Nf5+ Kh7 44. Nxh4 Nxh4 45. Qg4 Qxg4 46. hxg4 Rc7 47. Kg1 Nf3+ 48. Kf2 Nd4 49. Bd5 Rc2+ 50. Ke3 b5 51. Rh1+ Kg7 52. Rd1 Re2+ 53.
Kd3 Rg2 54. Rc1 Rg3+ 55. Kd2 Bf4+ 0-1

[Event "16th EWICC 2015"]
[Site "Kutaisi"]
[Date "2015.06.02"]
[Round "5"]
[White "Jalaghonia, Nino"]
[Black "Khmiadashvili, Tamar"]
[Result "0-1"]
[ECO "A20"]
[WhiteElo "1865"]
[BlackElo "2043"]
[Annotator "Robot 11"]
[PlyCount "110"]
[EventDate "2015.??.??"]
[EventCountry "GEO"]
[TimeControl "900+10"]

1. c4 e5 2. g3 Nc6 3. Bg2 f5 4. Nc3 Nf6 5. d3 Be7 6. e3 O-O 7. Nge2 d6 8. O-O Kh8 9. Nd5 Nxd5 10. cxd5 Nb8 11. b4 Bf6 12. Rb1 c6 13. e4 cxd5 14. exd5 f4 15.
gxf4 Bg4 16. f3 Bh5 17. fxe5 Bxe5 18. d4 Bf6 19. Nf4 Bf7 20. Ne6 Bxe6 21. dxe6 Nc6 22. d5 Qb6+ 23. Kh1 Ne7 24. Qd3 Qd4 25. Qxd4 Bxd4 26. f4 Rac8 27. Be4 g6 28. Rd1 Bg7 29. Be3 Bh6 30. Rbc1 Bxf4 31. Rxc8 Nxc8 32. Bd4+ Kg8 33. h4 Ne7 34. h5 g5 35. h6 b6 36. Bg7 Rc8 37. Bf6 Rc7 38. Rg1 Kf8 39. Bxg5 Bxg5 40. Rxg5 Rc4 41. Bxh7 Rh4+
42. Kg2 Rxh6 43. Be4 Rh4 44. Kf3 Rh2 45. Rg2 Rh3+ 46. Kf4 Rh5 47. Rg5 Rh2 48. Rg2 Rh5 49. Rd2 Kg7 50. b5 Kf6 51. Bf3 Rh4+ 52. Bg4 Rh1 53. Rd3 Ng6+ 54. Kg3 Rg1+ 55. Kh3 Nf4+ 0-1

[Event "16th EWICC 2015"]
[Site "Kutaisi"]
[Date "2015.06.02"]
[Round "5"]
[White "Khurtsidze, Nino"]
[Black "Esadze, Tamar"]
[Result "1-0"]
[ECO "A17"]
[WhiteElo "2451"]
[BlackElo "1697"]
[Annotator "Robot 11"]
[PlyCount "89"]
[EventDate "2015.??.??"]
[EventCountry "GEO"]
[TimeControl "900+10"]

1. Nf3 Nf6 2. c4 e6 3. Nc3 b6 4. e4 d6 5. d4 Bb7 6. Bd3 Be7 7. O-O O-O 8.
Qc2 h6 9. Re1 c5 10. d5 e5 11. a3 Nbd7 12. b4 Rc8 13. Be3 Ng4 14. Bd2 Bh4 15. g3 Be7 16. h3 Ngf6 17. Nh4 Nh5 18. Nf5 Re8 19. Nb5 Nf8 20. Nxa7 Ra8 21. Nb5 Bc8 22. bxc5 bxc5 23. a4 Nh7 24. Be2 N5f6 25. h4 Qd7 26. Bf3 Ba6 27. Bg2 Bf8 28. Bh3 Qd8 29. Rf1 Kh8 30.
Rae1 Be7 31. f4 Nh5 32. fxe5 dxe5 33. Qd1 N5f6 34. Qf3 Bxb5 35.
axb5 Ra2 36. Qe3 Nxe4 37. Qxe4 Rxd2 38. Qxe5 f6 39. Qe3 Ra2 40. Nxe7 Ra7 41. Ng6+ Kg8 42. Qxe8+ Qxe8 43. Rxe8+ Kf7 44. Re6 Kxg6 45. Bf5+ 1-0

[Event "16th EWICC 2015"]
[Site "Kutaisi"]
[Date "2015.06.02"]
[Round "5"]
[White "Kostava, Elene"]
[Black "Giorgadze, Elene"]
[Result "1-0"]
[ECO "D45"]
[WhiteElo "1691"]
[BlackElo "1185"]
[Annotator "Robot 11"]
[PlyCount "49"]
[EventDate "2015.??.??"]
[EventCountry "GEO"]
[TimeControl "900+10"]

1. d4 d5 2. c4 c6 3. Nf3 Nf6 4. Nc3 e6 5. e3 Bb4 6. Bd2 O-O 7. Bd3 Nbd7 8.
O-O Qc7 9. cxd5 cxd5 10. Nb5 Qa5 11. Bxb4 Qxb4 12. Qc2 Nb6 13. a3 Qe7 14. Qb3 Bd7 15. Nxa7 Rxa7 16. Qxb6 Rfa8 17. Rac1 Bc6 18. Ne5 Qd6 19. Nxc6 Ng4 20. g3 e5 21. Ne7+ Kf8 22. Qxd6 exd4 23. Rc8+ Rxc8 24. Nxc8+ Ke8 25. Qe7# 1-0

[Event "16th EWICC 2015"]
[Site "Kutaisi"]
[Date "2015.06.02"]
[Round "5"]
[White "Lomineishvili, Maia"]
[Black "Guramishvili, Sopiko"]
[Result "0-1"]
[ECO "D72"]
[WhiteElo "2364"]
[BlackElo "2370"]
[Annotator "Robot 11"]
[PlyCount "84"]
[EventDate "2015.??.??"]
[EventCountry "GEO"]
[TimeControl "900+10"]

1. d4 Nf6 2. c4 g6 3. g3 Bg7 4. Bg2 d5 5. cxd5 Nxd5 6. e4 Nb6 7. Ne2 Bg4 8. f3 Bd7 9. Nbc3 O-O 10. O-O c6 11. Bf4 Na6 12. b3 Qc8 13. Qd2 Rd8 14. Bg5 f6 15.
Bh6 Be6 16. Bxg7 Kxg7 17. Rac1 Bf7 18. Rfd1 Nc7 19. Qe3 Qd7 20. Nf4 Qe8 21. Nd3 Ne6 22. Ne2 Qd7 23. Bh3 Qd6 24. Bxe6 Qxe6 25. Nef4 Qd6 26. Nc5 Rab8 27. e5 fxe5 28. dxe5 Qxd1+ 29. Rxd1 Rxd1+ 30. Kf2 Nd5 31. Nfe6+ Bxe6 32. Nxe6+ Kf7 33. Ng5+ Kg8 34. Qxa7 Rd8 35. Ne6 Rd7 36. Qb8+ Kf7 37. Ng5+ Kg7 38. Qe8 Nc7 39. Qf7+ Kh6 40. h4 R7d2+ 41. Ke3 Nd5+ 42. Qxd5 Rxd5 0-1

[Event "16th EWICC 2015"]
[Site "Kutaisi"]
[Date "2015.06.02"]
[Round "5"]
[White "Mammadova, Gulnar"]
[Black "Zhukova, Natalia"]
[Result "1-0"]
[ECO "C68"]
[WhiteElo "2293"]
[BlackElo "2456"]
[Annotator "Robot 11"]
[PlyCount "67"]
[EventDate "2015.??.??"]
[EventCountry "GEO"]
[TimeControl "900+10"]

1. e4 e5 2. Nf3 Nc6 3. Bb5 a6 4. Bxc6 dxc6 5. O-O Bg4 6. h3 Bxf3 7. Qxf3 Qd7 8. d3 f6 9. Be3 h5 10. h4 O-O-O 11. Rd1 Nh6 12. Nc3 Ng4 13. d4 Nxe3 14. fxe3 Bd6 15. Ne2 Rde8 16. c4 exd4 17. exd4 c5 18.
b4 cxd4 19. Rxd4 Qg4 20. Rb1 Qxh4 21. e5 Qxd4+ 22. Nxd4 Bxe5 23.
Qf5+ Kb8 24. Ne2 g5 25. b5 a5 26. b6 c6 27. Rd1 g4 28. Qd7 g3 29. Nd4 Rc8 30. Ne6 c5 31. Nd8 Rhxd8 32. Qxd8 Bd4+ 33. Rxd4 cxd4 34. Qxd4 1-0

[Event "16th EWICC 2015"]
[Site "Kutaisi"]
[Date "2015.06.02"]
[Round "5"]
[White "Melashvili, Nino"]
[Black "Dordzhieva, Dinara"]
[Result "0-1"]
[ECO "A80"]
[WhiteElo "2173"]
[BlackElo "2242"]
[Annotator "Robot 11"]
[PlyCount "90"]
[EventDate "2015.??.??"]
[EventCountry "GEO"]
[TimeControl "900+10"]

1. d4 f5 2. Bg5 Nf6 3. Bxf6 exf6 4. Nc3 d5 5. Qd3 a6 6. Nh3 Qd6 7. Qe3+ Be7 8. Nf4 c6 9. h4 g6 10. g3 a5 11. a3 Na6 12. Na4 Qc7 13. h5 g5 14. Ne6 Qd6 15. Ng7+ Kf7 16. h6 Qc7 17. Qf3 g4 18. Qd3 b5 19. Nc3 f4 20.
Bg2 Qd6 21. gxf4 b4 22. Na4 Rb8 23. Qg3 Bd7 24. e4 dxe4 25. Bxe4 Qxd4 26. O-O Qxe4 27. Rfe1 Qf3 28. Qh4 Qh3 29. Qxh3 gxh3 30. Rad1 Bg4 31. Rd3 Rhd8 32. Rg3 Bd7 33. f5 c5 34. b3 bxa3 35. Nc3 h2+ 36. Kg2 Bc6+ 37. f3 Rd2+ 38. Kh3 Bd6 39. Rg2 Rxg2 40. Kxg2 Nb4 41. Ne4 Bxe4 42. fxe4 Nxc2 43. Rd1 Rb6 44. e5 fxe5 45. Kxh2 a2 0-1

[Event "16th EWICC 2015"]
[Site "Kutaisi"]
[Date "2015.06.02"]
[Round "5"]
[White "Melia, Salome"]
[Black "Mammadova, Narmin"]
[Result "1-0"]
[ECO "C10"]
[WhiteElo "2452"]
[BlackElo "2117"]
[Annotator "Robot 11"]
[PlyCount "131"]
[EventDate "2015.??.??"]
[EventCountry "GEO"]
[TimeControl "900+10"]

1. e4 e6 2. d4 d5 3. Nc3 dxe4 4. Nxe4 Nd7 5. Nf3 Ngf6 6. Nxf6+ Nxf6 7. Bc4 h6 8. O-O Bd6 9. Qe2 O-O 10. Ne5 c5 11. dxc5 Bxc5 12. c3 Qe7 13.
Bf4 a6 14. a4 Bd6 15. Rfd1 Bc7 16. Qf3 Rb8 17. Bb3 Qc5 18. Re1 b5 19. Nd3 Qe7 20. a5 Bb7 21. Qh3 Rbd8 22. Bxc7 Qxc7 23. Re3 Be4 24. Nb4 Qa7 25. Qh4 Qb7 26. Rg3 Kh8 27. Re1 Bh7 28. Rf3 Rg8 29. Rxf6 Rd2 30. Rf3 Rxb2 31. Bd1 Rb1 32.
Rfe3 Qd7 33. Bh5 Rxe1+ 34. Rxe1 Qd2 35. Rd1 Qxc3 36. Bxf7 Rf8 37. Bxe6 Re8 38. Qg4 Bg8 39. Nd5 Qe5 40. Nf4 Bh7 41. h4 b4 42.
Bf7 Rf8 43. Ng6+ Bxg6 44. Bxg6 b3 45. Qb4 Qf6 46. f3 b2 47. h5 Rc8 48. Qd2 Rb8 49. Rb1 Qe5 50. Kh1 Qe7 51. g3 Qa3 52. Kg2 Qa2 53. Kh3 Qe6+ 54.
g4 Qe5 55. Re1 Qf6 56. Kg3 Rd8 57. Qb4 Rf8 58. Be4 Qf4+ 59. Kh3 Rb8 60. Qc3 Qf7 61. Bb1 Rf8 62. Kg2 Qb7 63. Qd3 g6 64. hxg6 Qb4 65. g7+ Kxg7 66. Qg6+ 1-0

[Event "16th EWICC 2015"]
[Site "Kutaisi"]
[Date "2015.06.02"]
[Round "5"]
[White "Paehtz, Elisabeth"]
[Black "Gunina, Valentina"]
[Result "0-1"]
[ECO "D11"]
[WhiteElo "2473"]
[BlackElo "2535"]
[Annotator "Robot 11"]
[PlyCount "80"]
[EventDate "2015.??.??"]
[EventCountry "GEO"]
[TimeControl "900+10"]

1. d4 d5 2. c4 c6 3. Nf3 Nf6 4. Qc2 dxc4 5. Qxc4 Bf5 6. g3 e6 7. Bg2 Be7 8. O-O O-O 9. Nc3 h6 10. Re1 Ne4 11. Qb3 Qb6 12. Nh4 Bxh4 13.
gxh4 Nf6 14. e4 Bg6 15. Be3 Qc7 16. f3 Nbd7 17. Rac1 Nh5 18. Ne2 Kh7 19. Ng3 f5 20. Nxh5 Bxh5 21. Qxe6 Rae8 22. Qb3 fxe4 23. fxe4 Bf3 24. Bf2 Bxg2 25. Bg3 Qa5 26. Kxg2 Qd2+ 27. Kh3 Rxe4 28. Rxe4 Qxc1 29. Qd3 Kh8 30. Re1 Qxb2 31. Re7 Nf6 32. Qg6 Rg8 33. Rxg7 Rxg7 34. Qxf6 Qxa2 35. Qxh6+ Kg8 36. Qd6 Qf7 37. Qb8+ Kh7 38. Kg2 Qd5+ 39. Kh3 Qf5+ 40. Kg2 Rf7 0-1

[Event "16th EWICC 2015"]
[Site "Kutaisi"]
[Date "2015.06.02"]
[Round "5"]
[White "Petrenko, Svetlana"]
[Black "Zaksaite, Salomeja"]
[Result "1-0"]
[ECO "A49"]
[WhiteElo "2207"]
[BlackElo "2203"]
[Annotator "Robot 11"]
[PlyCount "73"]
[EventDate "2015.??.??"]
[EventCountry "GEO"]
[TimeControl "900+10"]

1. d4 Nf6 2. Nf3 g6 3. g3 Bg7 4. Bg2 O-O 5. c4 d5 6. cxd5 Nxd5 7. e4 Nb6 8.
Nc3 Bg4 9. d5 c6 10. h3 Bd7 11. O-O cxd5 12. Nxd5 e6 13. Bg5 f6 14. Nxb6 Qxb6 15. Bf4 Rd8 16. Qc2 Na6 17. Be3 Qa5 18. a3 Rac8 19. Qb3 Nc5 20.
Qb4 Qxb4 21. axb4 Nxe4 22. Rxa7 Bc6 23. Nd4 f5 24. Nxe6 Rd3 25. Nxg7 Kxg7 26. Rc1 Rb3 27. Bxe4 fxe4 28. Bd4+ Kg8 29. Bc3 Re8 30. Re1 Rd8 31. g4 h5 32. gxh5 gxh5 33. Kh2 Rf8 34. Rg1+ Kh7 35. Rg7+ Kh6 36. Rg2 Rf3 37. Ra8 1-0

[Event "16th EWICC 2015"]
[Site "Kutaisi"]
[Date "2015.06.02"]
[Round "5"]
[White "Tedoshvili, Ana"]
[Black "Galliamova, Alisa"]
[Result "0-1"]
[ECO "B24"]
[WhiteElo "1805"]
[BlackElo "2478"]
[Annotator "Robot 11"]
[PlyCount "80"]
[EventDate "2015.??.??"]
[EventCountry "GEO"]
[TimeControl "900+10"]

1. e4 c5 2. Nc3 Nc6 3. d3 g6 4. g3 Bg7 5. Bg2 e6 6. f4 Nge7 7. Nf3 d6 8. O-O Rb8 9. Ne2 b5 10. c3 b4 11. Be3 bxc3 12. bxc3 O-O 13. Qd2 Qa5 14. g4 f5 15.
exf5 exf5 16. g5 Be6 17. d4 Bc4 18. Rfe1 Kh8 19. Nc1 Nd5 20. Nb3 Qxc3 21. Qxc3 Nxc3 22. Rac1 Ne2+ 23. Rxe2 Bxe2 24. dxc5 dxc5 25.
Bxc5 Rfd8 26. Bf2 Rd1+ 27. Rxd1 Bxd1 28. Nfd2 Rc8 29. h3 a5 30. Nc4 a4 31. Nbd2 Nb4 32. Nd6 Rc2 33. N2c4 Rxa2 34. Nf7+ Kg8 35. Nce5 Bb3 36. Nh6+ Bxh6 37. gxh6 Bd5 38. Bxd5+ Nxd5 39. Nd7 a3 40. Bd4 Rd2 0-1

[Event "16th EWICC 2015"]
[Site "Kutaisi"]
[Date "2015.06.02"]
[Round "5"]
[White "Tereladze, Sopiko"]
[Black "Nikoladze, Sopio"]
[Result "1/2-1/2"]
[ECO "B00"]
[WhiteElo "2128"]
[BlackElo "2155"]
[Annotator "Robot 11"]
[PlyCount "139"]
[EventDate "2015.??.??"]
[EventCountry "GEO"]
[TimeControl "900+10"]

1. e4 d6 2. f4 Nd7 3. Nf3 e5 4. Bc4 Be7 5. O-O Ngf6 6. d3 O-O 7. Nc3 c6 8.
fxe5 dxe5 9. h3 b5 10. Bb3 Qc7 11. a3 Nc5 12. Ba2 Ne6 13. Be3 Nh5 14. Ne2 Bc5 15. Bxc5 Nxc5 16. Qe1 Qe7 17. Qf2 g6 18. Qe3 Kg7 19. Rf2 Qd6 20. Raf1 Be6 21. Bxe6 Nxe6 22. Ng5 Nef4 23. Nxf4 exf4 24. Qd2 Qe5 25. Qc3 Rae8 26. Re1 Qxc3 27. bxc3 Re5 28. h4 Rc5 29. c4 bxc4 30. d4 Ra5 31. Rf3 Rd8 32. Rb1 h6 33. Nh3 Rxd4 34. Nxf4 Nxf4 35. Rxf4 f5 36. Rb7+ Kf6 37. Rc7 Ra6 38. Rf1 Rxe4 39. Rd1 Re6 40.
Rdd7 Rxa3 41. h5 gxh5 42. Rf7+ Ke5 43. Rf8 Ra5 44. Rd7 Kf4 45. Rd4+ Re4 46. Rd6 Ra2 47. Rxh6 Rxc2 48. Rxh5 Re5 49. Rh6 a5 50. Rxc6 Ree2 51. Rg8 a4 52. Ra6 Ra2 53. Kh2 c3 54. Kh3 c2 55. Rc6 Ra1 56. Rc4+ Re4 57. g3+ Kf3 58. Rc3+ Re3 59. Rxc2 Rh1+ 60. Rh2 Rxh2+ 61. Kxh2 a3 62. Ra8 Ke2 63. Kg2 Kd2 64. Ra5 Re2+ 65.
Kf3 Re3+ 66. Kf4 Rb3 67. Rxf5 Rb4+ 68. Kg5 Ra4 69. Rf1 a2 70. Ra1 1/2-1/2

[Event "16th EWICC 2015"]
[Site "Kutaisi"]
[Date "2015.06.02"]
[Round "5"]
[White "Vakhania, Alexandra"]
[Black "Sviridova, Vlada"]
[Result "0-1"]
[ECO "D02"]
[WhiteElo "2130"]
[BlackElo "2087"]
[Annotator "Robot 11"]
[PlyCount "96"]
[EventDate "2015.??.??"]
[EventCountry "GEO"]
[TimeControl "900+10"]

1. Nf3 d5 2. d4 Nf6 3. Bf4 c5 4. c3 Nc6 5. e3 Qb6 6. Qb3 c4 7. Qc2 Bf5 8.
Qc1 h6 9. Nbd2 e6 10. Be2 Be7 11. O-O O-O 12. h3 Rac8 13. Re1 Qd8 14. Bd1 b5 15. a3 a5 16. Bc2 b4 17. axb4 axb4 18. e4 Nxe4 19. Nxe4 Bxe4 20. Bxe4 dxe4 21. Rxe4 g5 22. Bd2 Qd5 23. Qe1 b3 24. h4 Ra8 25.
Rxa8 Rxa8 26. hxg5 hxg5 27. Ne5 Ra2 28. Nxc6 Qxc6 29. Re5 Qa6 30. Bc1 Ra1 31. Qd2 Bf6 32. Re1 Qa5 33. Qe2 Qd5 34. Kh2 Qf5 35.
Qxc4 Qxf2 36. Rf1 Qh4+ 37. Kg1 Kg7 38. Qxb3 g4 39. Bh6+ Kxh6 40. Rxa1 g3 41. Ra5 Qh2+ 42. Kf1 Qh1+ 43. Ke2 Qxg2+ 44. Kd3 Qf1+ 45. Kc2 g2 46. Qb8 g1=Q 47.
Qf8+ Bg7 48. Qc5 Qf4 0-1

[Event "16th EWICC 2015"]
[Site "Kutaisi"]
[Date "2015.06.02"]
[Round "6"]
[White "Choladze, Tea"]
[Black "Tedoshvili, Ana"]
[Result "0-1"]
[ECO "C41"]
[WhiteElo "1755"]
[BlackElo "1805"]
[Annotator "Robot 11"]
[PlyCount "68"]
[EventDate "2015.??.??"]
[EventCountry "GEO"]
[TimeControl "900+10"]

1. e4 e5 2. Nf3 d6 3. h3 Nf6 4. d3 g6 5. Be2 Bg7 6. O-O O-O 7. c3 Be6 8. Re1 Nc6 9. Nbd2 d5 10. exd5 Nxd5 11. Bf1 Nf4 12. Ne4 Bd5 13. d4 Ne6 14. dxe5 Nxe5 15. Nxe5 Bxe5 16. Nd2 Bg7 17. Nf3 Bc6 18. Qe2 Qf6 19. Nh2 Nf4 20. Qc4 Nd5 21. Ng4 Qd6 22. Bg5 h5 23. Ne3 Nxe3 24. Rxe3 Rae8 25. Bf4 Qd7 26. Rd3 Qf5 27. Bxc7 Bb5 28. g4 hxg4 29. hxg4 Bxc4 30. gxf5 Bxd3 31. Bxd3 Rc8 32. Bf4 Rfd8 33. Bc2 Rc4 34. Bg5 Rf4 0-1

[Event "16th EWICC 2015"]
[Site "Kutaisi"]
[Date "2015.06.02"]
[Round "6"]
[White "Daulyte, Deimante"]
[Black "Gaponenko, Inna"]
[Result "0-1"]
[ECO "B24"]
[WhiteElo "2402"]
[BlackElo "2391"]
[Annotator "Robot 11"]
[PlyCount "66"]
[EventDate "2015.??.??"]
[EventCountry "GEO"]
[TimeControl "900+10"]

1. e4 c5 2. Nc3 Nc6 3. Bb5 Nd4 4. Nf3 g6 5. Bc4 Bg7 6. Nxd4 cxd4 7. Qf3 Nh6 8. Ne2 e6 9. d3 f5 10. Bxh6 Bxh6 11. exf5 Qa5+ 12. Kf1 O-O 13. Nxd4 d5 14. Bb3 Bg7 15. Ne2 Rxf5 16. Qe3 Re5 17. Qc1 Bd7 18. Qe1 Qb6 19. a4 a5 20. d4 Rf5 21. Rd1 Raf8 22. g3 Rxf2+ 23. Qxf2 Rxf2+ 24. Kxf2 Qb4 25. Rd3 b5 26. axb5 Bxb5 27. Rdd1 a4 28. Ba2 Bxe2 29. Kxe2 Qxb2 30. Rb1 Qxc2+ 31. Ke1 Bxd4 32. Rb8+ Kg7 33. Rf1 Bc3# 0-1

[Event "16th EWICC 2015"]
[Site "Kutaisi"]
[Date "2015.06.02"]
[Round "6"]
[White "Donghvani, Nia"]
[Black "Kostava, Elene"]
[Result "0-1"]
[ECO "B12"]
[WhiteElo "1444"]
[BlackElo "1691"]
[Annotator "Robot 11"]
[PlyCount "90"]
[EventDate "2015.??.??"]
[EventCountry "GEO"]
[TimeControl "900+10"]

1. e4 c6 2. d4 d5 3. f3 Qb6 4. Nc3 e5 5. exd5 exd4 6. Nce2 Bc5 7. Qd3 Ne7 8. Ng3 O-O 9. N1e2 Nxd5 10. a3 a5 11. Nf4 Nxf4 12. Bxf4 Qxb2 13. Rd1 Bxa3 14. Be2 Bb4+ 15. Bd2 Bxd2+ 16. Qxd2 Qc3 17. O-O Qxd2 18. Rxd2 c5 19. Ne4 b6 20. Rb1 Nd7 21. Bb5 Ne5 22. Be2 Rb8 23. Nxc5 Bf5 24. Nb3 d3 25. Bxd3 Nxd3 26. cxd3 Rfd8 27. Nc1 b5 28. Rdb2 b4 29.
Ra1 Rd5 30. Kf2 Rc8 31. g4 Be6 32. Nb3 Rxd3 33. Nxa5 b3 34. Ke2 Rdc3 35. Ke1 Rxf3 36. Nb7 g6 37. Nd6 Rd8 38. Nb5 Bc4 39. Na7 Kg7 40. Rab1 Re3+ 41. Kf2 Re6 42. h3 Ra8 43. Ra1 Rb6 44. h4 Rb7 45. Ra4 Be6 0-1

[Event "16th EWICC 2015"]
[Site "Kutaisi"]
[Date "2015.06.02"]
[Round "6"]
[White "Dordzhieva, Dinara"]
[Black "Choladze, Mariam"]
[Result "1-0"]
[ECO "A05"]
[WhiteElo "2242"]
[BlackElo "1989"]
[Annotator "Robot 11"]
[PlyCount "135"]
[EventDate "2015.??.??"]
[EventCountry "GEO"]
[TimeControl "900+10"]

1. Nf3 Nf6 2. c4 b6 3. g3 c5 4. Bg2 Bb7 5. b3 g6 6. Bb2 Bg7 7. d3 O-O 8.
O-O d6 9. e4 Nbd7 10. Nc3 Rc8 11. Re1 a6 12. d4 cxd4 13. Nxd4 Nc5 14. Qd2 Nfd7 15. Rad1 Ne6 16. Nxe6 fxe6 17. Bh3 Rf6 18. Na4 b5 19. Bxf6 Bxf6 20. Bxe6+ Kg7 21. Bxd7 Rb8 22. cxb5 Qxd7 23. Nc5 Qxb5 24. Nxb7 Rxb7 25. Qd5 Qb6 26. Kg2 Qb4 27. Rc1 Rb5 28. Qc4 Qa5 29. a4 Rh5 30. Red1 Qg5 31. Qe6 Qh6 32. h3 Re5 33. Qg4 Rg5 34. Qf4 Be5 35. Qf3 Rh5 36. Rc8 Bf6 37. Qg4 Re5 38. b4 g5 39. Rd5 Rxd5 40.
exd5 Qg6 41. b5 axb5 42. axb5 Qd3 43. Qc4 Qd2 44. Qe4 Qb2 45. Qd3 Bd4 46. Rc2 Qa1 47. Re2 Be5 48. b6 Qa5 49. b7 Qb6 50. Qf5 Qxb7 51. Qxg5+ Kh8 52. Rd2 Bf6 53. Qf5 Qb4 54. Rc2 Qd4 55. Rc8+ Kg7 56. Qg4+ Qxg4 57. hxg4 Bd4 58. Kf3 Kg6 59. Rc4 Be5 60. Ke4 h6 61. Rc8 Bf6 62. Rc7 Bg5 63. Rd7 Bf6 64. f4 Kf7 65. Kf5 Ke8 66. Ke6 Kf8 67. Rd8+ Kg7 68. Re8 1-0

[Event "16th EWICC 2015"]
[Site "Kutaisi"]
[Date "2015.06.02"]
[Round "6"]
[White "Esadze, Tamar"]
[Black "Gognadze, Tsira"]
[Result "1-0"]
[ECO "C10"]
[WhiteElo "1697"]
[BlackElo "1144"]
[Annotator "Robot 11"]
[PlyCount "61"]
[EventDate "2015.??.??"]
[EventCountry "GEO"]
[TimeControl "900+10"]

1. e4 e6 2. d4 d5 3. Nc3 dxe4 4. Nxe4 Nd7 5. Nf3 Ngf6 6. Bg5 Be7 7. Bxf6 Nxf6 8. Nxf6+ Bxf6 9. Bd3 O-O 10. c3 b6 11. Be4 Rb8 12. Qc2 g6 13. O-O Qd6 14. Rad1 Bg7 15. Rfe1 Re8 16. Qe2 c6 17. Bc2 Bb7 18. Rd2 Rbd8 19. Qe3 Bf8 20. Ne5 c5 21. Qf4 Re7 22. Red1 c4 23. Qe3 Qd5 24. f3 b5 25. Be4 Qd6 26. Bxb7 Rxb7 27. d5 Re8 28. Qe4 Bg7 29. dxe6 Qxe5 30. Qxb7 Bh6 31. Qxf7+ 1-0

[Event "16th EWICC 2015"]
[Site "Kutaisi"]
[Date "2015.06.02"]
[Round "6"]
[White "Galliamova, Alisa"]
[Black "Khomeriki, Nino"]
[Result "1-0"]
[ECO "A45"]
[WhiteElo "2478"]
[BlackElo "2228"]
[Annotator "Robot 11"]
[PlyCount "69"]
[EventDate "2015.??.??"]
[EventCountry "GEO"]
[TimeControl "900+10"]

1. d4 Nf6 2. g3 c5 3. d5 g6 4. Bg2 Bg7 5. e4 d6 6. a4 O-O 7. Ne2 e6 8. dxe6 fxe6 9. O-O Nc6 10. Bf4 d5 11. exd5 exd5 12. Nbc3 d4 13. Nb5 Ne8 14. Qd2 a6 15. Na3 Be6 16. Bh6 Bxh6 17. Qxh6 Nd6 18. Qd2 Ne5 19. Nf4 Qg5 20. h4 Qh6 21. Qe2 g5 22. hxg5 Qxg5 23. Nxe6 Qf6 24. Nxc5 Rae8 25. Ne4 Qh6 26. Qd2 Qe6 27. Nxd6 Qxd6 28. Rae1 Qf6 29. Re4 Kh8 30. Qxd4 Rf7 31. Nc4 Rd7 32. Qc3 Rc8 33. Rxe5 Kg7 34. Rg5+ Kf7 35. Bd5+ 1-0

[Event "16th EWICC 2015"]
[Site "Kutaisi"]
[Date "2015.06.02"]
[Round "6"]
[White "Gevorgyan, Maria"]
[Black "Batsiashvili, Nino"]
[Result "0-1"]
[ECO "C50"]
[WhiteElo "2190"]
[BlackElo "2473"]
[Annotator "Robot 11"]
[PlyCount "96"]
[EventDate "2015.??.??"]
[EventCountry "GEO"]
[TimeControl "900+10"]

1. e4 e5 2. Nf3 Nc6 3. Bc4 Nf6 4. d3 Bc5 5. c3 d6 6. O-O O-O 7. h3 a6 8.
Bb3 Ba7 9. Nbd2 Be6 10. Re1 Ne7 11. Nf1 Qd7 12. Ng3 Ng6 13. d4 Rfe8 14. d5 Bxh3 15. gxh3 Qxh3 16. Re3 Bxe3 17. Bxe3 Nf4 18. Qf1 Qg4 19. Nh2 Qg6 20. Bc2 N6xd5 21. exd5 Qxc2 22. c4 Qxb2 23. Qd1 b5 24. cxb5 axb5 25. Rc1 Qxa2 26. Qg4 Qxd5 27. Bxf4 exf4 28. Nh5 Qe5 29. Nf3 Qb2 30. Rc2 Qa1+ 31. Kg2 c5 32. Rc1 Qb2 33. Rc2 Qa1 34. Rc1 f5 35.
Qg5 Qa7 36. Nf6+ Kh8 37. Nxe8 Rxe8 38. Qxf5 Qa8 39. Rh1 h6 40. Qg6 Qe4 41. Qxd6 Re6 42. Qf8+ Kh7 43. Rh3 Rg6+ 44. Kh2 Qc2 45. Ng5+ Rxg5 46. Qxf4 Qf5 47. Qe3 Qe5+ 48. f4 Qb2+ 0-1

[Event "16th EWICC 2015"]
[Site "Kutaisi"]
[Date "2015.06.02"]
[Round "6"]
[White "Gvetadze, Sofio"]
[Black "Lomineishvili, Maia"]
[Result "1-0"]
[ECO "B01"]
[WhiteElo "2319"]
[BlackElo "2364"]
[Annotator "Robot 11"]
[PlyCount "102"]
[EventDate "2015.??.??"]
[EventCountry "GEO"]
[TimeControl "900+10"]

1. e4 d5 2. exd5 Qxd5 3. Nc3 Qd6 4. d4 c6 5. Nf3 Nf6 6. g3 Bg4 7. Bg2 Qe6+ 8. Be3 Nd5 9. Nxd5 cxd5 10. h3 Bxf3 11. Qxf3 Nc6 12. Qxd5 Qxd5 13. Bxd5 O-O-O 14. Bxf7 Nxd4 15. O-O-O e5 16. c3 Nc6 17. Bd5 Be7 18. Be4 Kc7 19. h4 b6 20. Rxd8 Bxd8 21. Rd1 g6 22.
Rh1 Bf6 23. h5 Ne7 24. g4 g5 25. h6 Ng6 26. Rd1 Nh4 27. c4 Be7 28. Rd5 Ng6 29.
Bxg6 hxg6 30. Rxe5 Bd6 31. Rxg5 Rxh6 32. Kc2 Kd7 33. b4 Rh2 34.
Kb3 Rh1 35. c5 bxc5 36. bxc5 Be7 37. Rxg6 Rb1+ 38. Kc2 Rb5 39.
Ra6 Bxc5 40. a4 Rb4 41. Bxc5 Rc4+ 42. Kd3 Rxc5 43.
Rxa7+ Ke6 44. f4 Rc1 45. Ra6+ Kd5 46. Ra5+ Kc6 47. Re5 Ra1 48. a5 Ra4 49. Ke3 Kd6 50. g5 Ra1 51. Ke4 Rg1 1-0

[Event "16th EWICC 2015"]
[Site "Kutaisi"]
[Date "2015.06.02"]
[Round "6"]
[White "Ibrahimova, Sabina"]
[Black "Jalaghonia, Nino"]
[Result "1-0"]
[ECO "E15"]
[WhiteElo "2272"]
[BlackElo "1865"]
[Annotator "Robot 11"]
[PlyCount "69"]
[EventDate "2015.??.??"]
[EventCountry "GEO"]
[TimeControl "900+10"]

1. d4 Nf6 2. c4 e6 3. Nf3 b6 4. g3 Bb4+ 5. Nbd2 Bb7 6. Bg2 O-O 7. O-O d5 8. Ne5 Nbd7 9. Ndf3 Bd6 10. Bg5 h6 11. Nxd7 Qxd7 12. Bxf6 gxf6 13. Qc2 Qe7 14. Nh4 c6 15. e4 dxc4 16. Qxc4 a5 17. Rfe1 Bb4 18. Red1 Rfd8 19. a3 Bd6 20. Re1 Bc7 21. d5 Be5 22. dxe6 Qxe6 23. Qc1 Qe8 24. Nf5 Qf8 25. Nxh6+ Kh7 26. Nf5 Rd3 27. Bf1 Rd7 28. Qc2 Qg8 29. Rad1 Rad8 30. Bg2 Qg4 31. Rxd7 Rxd7 32. h3 Qg8 33. f4 Bb8 34. e5 Kg6 35. Ne7+ 1-0

[Event "16th EWICC 2015"]
[Site "Kutaisi"]
[Date "2015.06.02"]
[Round "6"]
[White "Khmiadashvili, Tamar"]
[Black "Arabidze, Meri"]
[Result "0-1"]
[ECO "B23"]
[WhiteElo "2043"]
[BlackElo "2403"]
[Annotator "Robot 11"]
[PlyCount "142"]
[EventDate "2015.??.??"]
[EventCountry "GEO"]
[TimeControl "900+10"]

1. e4 c5 2. Nc3 a6 3. g3 e6 4. Bg2 Nc6 5. Nge2 Nge7 6. O-O h5 7. h4 Ne5 8. d3 N7c6 9. Bf4 d6 10. Qc1 Be7 11. Nd1 Nd4 12. Nxd4 cxd4 13. Bxe5 dxe5 14. f4 Bd6 15. f5 Qc7 16. Bh3 exf5 17. Bxf5 Bxf5 18. Rxf5 O-O-O 19. Qd2 Kb8 20. Kg2 Rdf8 21. c4 g6 22. Rf3 f5 23. Nf2 f4 24. gxf4 exf4 25. Rg1 Qe7 26. Kf1 Qxh4 27. Rxg6 Qe7 28. Qa5 h4 29. Qd5 Bc7 30. a3 Qh7 31. Rg4 Rfg8 32. Rxg8+ Rxg8 33. e5 Qg6 34. Ke2 Re8 35. Kd2 Bxe5 36. Qe4 Qg8 37. Qf5 Bc7 38. Qg4 Qxg4 39. Nxg4 Rg8 40. Nf2 Rg3 41. Ke2 a5 42. b4 a4 43. Nh3 Rg4 44. Nf2 Rg1 45. Nd1 Ka7 46. Rh3 Bd8 47. Rf3 Bg5 48. Nb2 h3 49. Rf2 Bh4 50.
Rxf4 Bg3 51. Rf5 h2 52. Rh5 h1=Q 53. Rxh1 Rxh1 54. Nxa4 Ra1 55.
b5 Rxa3 56. Nc5 b6 57. Ne6 Be5 58. Nd8 Bg7 59. Nc6+ Kb7 60. Nb4 Bf8 61. Nd5 Bc5 62. Nf4 Kc7 63. Kf3 Kd6 64. Ke4 Ra1 65. Nd5 Re1+ 66. Kf3 Ke5 67. Kf2 Re3 68. Kf1 Rxd3 69. Ke2 Rh3 70. Kd2 d3 71. Kc3 Bd4+ {[%emt 0:00:18] Kxd4+} 0-1